 Dungeon Crawl Stone Soup version 0.24-a0-458-gfcb5e6da0e (webtiles) character file.

Game seed: 16354273120697996238

58 Craser22 the Chopper (level 3, -6/31 HPs)
             Began as a Minotaur Berserker on June 27, 2019.
             Was a Believer of Trog.
             Mangled by a gnoll
             ... wielding a cursed -1 spear
              (9 damage)
             ... on level 2 of the Dungeon.
             The game lasted 00:04:03 (1379 turns).

Craser22 the Chopper (Minotaur Berserker)           Turns: 1379, Time: 00:04:03

Health: -6/31      AC:  2    Str: 21    XL:     3   Next: 75%
Magic:  2/2        EV: 12    Int:  4    God:    Trog [**....]
Gold:   113        SH:  0    Dex: 10    Spells: 2/2 levels left

rFire    . . .     SeeInvis .   a - +0 hand axe
rCold    . . .     Gourm    .   (no shield)
rNeg     . . .     Faith    .   b - +0 animal skin
rPois    .         Spirit   .   (helmet restricted)
rElec    .         Reflect  .   (no cloak)
rCorr    .         Harm     .   (no gloves)
MR       .....                  (no boots)
Stlth    +.........             (no amulet)
HPRegen  0.10/turn              (no ring)
MPRegen  0.08/turn              (no ring)

@: no status effects
A: retaliatory headbutt, horns 2
a: Berserk, Trog's Hand, Renounce Religion


You were on level 2 of the Dungeon.
You worshipped Trog.
Trog was pleased with you.
You were not hungry.

You visited 1 branch of the dungeon, and saw 2 of its levels.

You collected 113 gold pieces.


Innate Abilities, Weirdness & Mutations

You reflexively headbutt those who attack you in melee.
You have a pair of horns on your head.


   Skills:
 - Level 3.6 Fighting
 + Level 5.7 Axes
 - Level 2.4 Armour
 - Level 2.1 Dodging


You had 2 spell levels left.
You didn't know any spells.
Your spell library was empty.

Inventory:

Hand Weapons
 a - a +0 hand axe (weapon)
Missiles
 e - 18 stones (quivered)
Armour
 b - a +0 animal skin (worn)
Jewellery
 j - an uncursed amulet of rage {unknown}
Scrolls
 f - a scroll of identify {unknown}
 k - a scroll of remove curse {unknown}
Potions
 g - a potion of brilliance {unknown}
 h - a potion of berserk rage {unknown}
 i - a potion of flight {unknown}
Comestibles
 c - 5 rations
 d - 5 chunks of flesh

Dungeon Overview and Level Annotations

Branches:
Dungeon (2/15)

Altars:
Vehumet

. .. .▒▒ ▒.. ..▒ ▒..▒
▒.▒▒▒..▒ ▒▒▒ ......▒
.▒.. ▒g.g. ▒ ...▒
▒▒g.▒ ▒
▒▒..▒▒▒▒▒▒▒▒▒▒▒!Hg▒
▒...............▒.▒
.....▒........▒▒▒.▒
.....▒........▒ ..
....>▒........▒▒ ▒▒.
..÷............▒▒▒▒.▒▒
...................(..
▒▒▒▒▒........^▒▒▒▒▒▒..
▒.........▒


You could see 4 gnolls.


Message History

You headbutt the bat.
You kill the bat!
Trog accepts your kill. The gnoll closely misses you. The gnoll misses you.
You see here a bat corpse.
You barely miss the gnoll. The gnoll hits you with a +0 halberd!
The gnoll hits you from afar with a +0 spear.
You closely miss the gnoll.
The gnoll hits you from afar with a +0 spear.
The gnoll hits you with a +0 club.
You barely miss the gnoll. You hit the gnoll.
The gnoll hits you from afar with a +0 spear.
* * * LOW HITPOINT WARNING * * *
The gnoll barely misses you. The gnoll hits you with a +0 halberd.
* * * LOW HITPOINT WARNING * * *
You hit the gnoll.
You headbutt the gnoll, but do no damage.
The gnoll is moderately wounded.
You barely miss the gnoll. The gnoll closely misses you.
You furiously retaliate!
You headbutt the gnoll!
The gnoll hits you from afar with a +0 spear!
* * * LOW HITPOINT WARNING * * *
The gnoll hits you from afar with a cursed -1 spear!
You die...

Action                   || total
-------------------------++-------
Melee: Hand axe          ||    72
       Headbutt          ||    13
 Stab: Sleeping          ||     1
  Eat: Chunk             ||     1
Armor: Animal skin       ||    13
Dodge: Dodged            ||    59

Levels and vault maps discovered:
D:1:      ncdulo_lavacross, layout_basic
D:2:      layout_rooms, vehumet_crystals

Notes
Turn   | Place    | Note
-------+----------+-------------------------------------------
     0 | D:1      | Craser22 the Minotaur Berserker began the quest for the
                  | Orb.
     0 | D:1      | Reached XP level 1. HP: 19/19 MP: 0/0
    15 | D:1      | Reached skill level 4 in Axes
    19 | D:1      | Reached XP level 2. HP: 22/26 MP: 1/1
   459 | D:1      | Reached skill level 5 in Axes
   533 | D:1      | Reached XP level 3. HP: 31/31 MP: 2/2
  1016 | D:1      | Reached ** piety under Trog
  1304 | D:2      | Found a radiant altar of Vehumet.
  1379 | D:2      | HP: 3/31 [gnoll/+0 spear (7)]
  1379 | D:2      | Mangled by a gnoll

Vanquished Creatures
  A gnoll (D:1)
  An ooze (D:1)
  2 dart slugs (D:1)
  3 giant cockroaches
  5 hobgoblins
  3 jackals (D:1)
  4 kobolds (D:1)
  9 bats
  5 frilled lizards (D:1)
  2 goblins (D:1)
  4 rats
39 creatures vanquished.
